 Dungeon Crawl Stone Soup version 0.30.1-11-g7821555f0a (webtiles) character file.

Game seed: 13663499573057122638

24229 tbsd the Fighter (level 13, -13/106 HPs)
             Began as a Djinni Fire Elementalist on Jan 3, 2024.
             Was a High Priest of Makhleb.
             Mangled by Snorg (24 damage)
             ... on level 3 of the Lair of Beasts.
             The game lasted 02:57:23 (16556 turns).

tbsd the Fighter (Djinni Fire Elementalist)        Turns: 16556, Time: 02:57:24

Health: -13/106    AC: 13    Str:  4    XL:     13   Next: 41%
Gold:   353        EV: 13    Int: 24    God:    Makhleb [*****.] SH:  0 Dex: 15

rFire   + + .        h - staff of death
rCold   . . .        (no shield)
rNeg    + . .        z - +3 acid dragon scales
rPois   ∞            (helmet restricted)
rElec   .            F - +2 cloak {Stlth+}
rCorr   +            (no gloves)
SInv    .            (boots unavailable)
Will    +....        j - amulet of the acrobat
Stlth   +++          r - ring of protection from cold
HPRegen 0.37/turn    D - ring of wizardry
MPRegen 0.00/turn

%: acrobat, wizardry (x1), infuse magic (-14 HP)
@: flying, invisible
A: sickness immunity, fire resistance 2, cold vulnerability 1, float, innate
caster, HP casting, extra vitality 1, horns 1, clever 1, weak 1
a: Renounce Religion, Minor Destruction, Lesser Servant of Makhleb, Major
Destruction, Greater Servant of Makhleb


You were on level 3 of the Lair of Beasts.
You worshipped Makhleb.
Makhleb was extremely pleased with you.
You visited 3 branches of the dungeon, and saw 14 of its levels.

You collected 585 gold pieces.
You spent 232 gold pieces at shops.

Inventory:

Hand Weapons
 I - a +4 arbalest of draining
Missiles
 l - 3 throwing nets
 u - 10 curare-tipped darts
 C - 3 atropa-tipped darts
Armour
 m - a +0 helmet
 p - a +1 ring mail of cold resistance
 z - +3 acid dragon scales (worn)
 F - a +2 cloak of stealth (worn)
 G - a +2 robe of fire resistance
Magical Staves
 e - a staff of poison
 h - a staff of death (weapon)
Jewellery
 j - an amulet of the acrobat (around neck)
 r - a ring of protection from cold (left hand)
 D - a ring of wizardry (right hand)
 L - a ring of ice
Wands
 c - a wand of acid (5)
 g - a wand of charming (7)
 t - a wand of flame (29)
 x - a wand of mindburst (23)
 y - a wand of digging (2)
 A - a wand of polymorph (11)
Scrolls
 d - 11 scrolls of teleportation
 f - 3 scrolls of magic mapping
 n - a scroll of silence
 q - a scroll of fog
 v - 2 scrolls of vulnerability
 E - a scroll of identify
 H - a scroll of torment
 K - 2 scrolls of immolation
Potions
 a - a potion of brilliance
 b - 2 potions of cancellation
 k - 5 potions of might
 o - 4 potions of curing
 s - a potion of resistance
 w - 4 potions of lignification
 B - 2 potions of attraction
 J - a potion of berserk rage


   Skills:
 * Level 14.9 Fighting
 - Level 6.0 Armour
 - Level 7.0 Dodging
 - Level 1.5 Stealth
 + Level 10.6 Spellcasting


You knew the following spells:

 Your Spells              Type           Power      Damage    Failure   Level
a - Foxfire               Conj/Fire      100%       2x1d9     1%          1
b - Scorch                Fire           100%       2d9       1%          2
c - Volatile Blastmotes   Fire/Tloc      100%       2d18      1%          3
d - Inner Flame           Hex/Fire       59%        N/A       1%          3
e - Flame Wave            Conj/Fire      59%        2d14      1%          4
f - Kiss of Death         Conj/Necr      100%       2d13      1%          1
g - Searing Ray           Conj           100%       2d8       1%          2
h - Gell's Gravitas       Tloc           59%        N/A       1%          3
i - Call Canine Familiar  Summ           59%        N/A       1%          3
j - Manifold Assault      Tloc           59%        N/A       1%          4
k - Freezing Cloud        Conj/Ice/Air   29%        6-21      1%          5
Your spell library was empty.

Dungeon Overview and Level Annotations

Branches:
Dungeon (10/15)            Temple (1/1) D:6            Lair (3/5) D:10
 Spider (0/4) Lair:2
  Swamp: Lair:2-3    Shoals: Lair:2-3       Orc: D:9-12

Altars:
Ashenzari
Cheibriados
Dithmenos
Elyvilon
Fedhas
Gozag
Hepliaklqana
Makhleb
Nemelex Xobeh
Okawaru
Qazlal
Ru
Trog
Uskayaw
Wu Jian
Xom
Yredelemnul
Zin
The Shining One

Shops:
D:5 (   D:6 =**(   D:7 [   D:8 *:[::   D:10 *

Annotations:
Lair:3 Snorg


Innate Abilities, Weirdness & Mutations

You are immune to sickness and miasma.
You are immune to poison.
Your flesh is very heat resistant. (rF++)
You are vulnerable to cold. (rC-)
You float through the air rather than walking.
You learn spells naturally, not from books.
Your magical power is your life essence.
You have superior vitality. (+4 MHP)
You have a pair of small horns on your head.
Your mind is acute. (Int +4, Str/Dex -1)
You are weak. (Str -2)


Message History

Press: ? - help, Shift-Dir - straight line, f - Snorg
Aim: Snorg (moderately wounded, berserk, more vulnerable to fire, ally target, 83% to hit)
Okay, then.
You conjure some foxfire!
Snorg bites you but does no damage. Snorg claws you! Snorg barely misses you.
Snorg bites you but does no damage. Snorg claws you! Snorg barely misses you.
You conjure some foxfire!
The foxfire hits Snorg!
Snorg is burned terribly!
Snorg is moderately wounded.
The foxfire hits Snorg!
Snorg is burned terribly!
Snorg is heavily wounded.
Your warg bites Snorg!
Snorg bites you!! Snorg claws you. Snorg claws you but does no damage.
Your warg bites Snorg.
Snorg attacks as you move away! Snorg closely misses you.
Snorg claws you but does no damage. Snorg claws you.
The foxfire hits Snorg!
Snorg is burned terribly!
Snorg is severely wounded.
The foxfire hits Snorg.
Snorg is burned terribly!
Snorg is severely wounded.
Snorg rages.
Snorg completely misses you. Snorg misses you. Snorg completely misses you.
Your warg bites Snorg.
Casting: Foxfire (safe; 1% risk of failure)
Confirm with . or Enter, or press ? or * to list all spells.
A cloud of volatile blastmotes flares up around you!
Snorg is no longer more vulnerable to fire.
Snorg bites you!!
* * * LOW HITPOINT WARNING * * *
Snorg closely misses you. Snorg claws you!
* * * LOW HITPOINT WARNING * * *
Your warg bites Snorg.
Snorg barely misses your warg. x3
Okay, then.
Okay, then.
You feel better. Snorg closely misses your warg. Snorg claws your warg!!
Snorg misses your warg.
Your warg closely misses Snorg.
Snorg barely misses your warg. Snorg claws your warg!!
Your warg dies!
Your warg's corpse disappears in a puff of smoke!
You fade into invisibility!
Snorg bites you!!
You die...

# #########.#
#..........
#..@.......
##§T.......
##.........
#..........
####..........
#.##..§.......
##.....§°§...?.
#.#....§§§.....
#..............


You could see Snorg (berserk, unable to see you).

Vanquished Creatures
  Josephine (D:10)
  Fannar (Lair:2)
  A tengu warrior (D:9)
  A skyshark (Lair:3)
  A black mamba (Lair:1)
  A gargoyle (D:10)
  Maggie (D:8)
  5 cane toads
  Psyche (D:9)
  8 komodo dragons
  A troll (D:10)
  9 blink frogs
  2 jumping spiders (Lair:2)
  3 culicivoras (Lair:2)
  3 wyverns
  5 wraiths
  19 yaks
  2 basilisks
  A human (D:8)
  A steam dragon (D:6)
  2 redbacks (Lair:2)
  2 acid dragons (D:9)
  5 water moccasins
  Duvessa (D:7)
  4 orc warriors
  2 black bears
  2 ice beasts (D:6)
  3 sky beasts
  2 ogres (D:6)
  4 wolves
  4 centaurs
  4 kobold brigands
  9 bullfrogs
  A gnoll sergeant (D:7)
  5 scorpions
  15 wights
  Dowan (D:7)
  6 killer bees (D:7)
  8 howler monkeys
  2 electric eels (D:6)
  5 jellies
  2 gnoll boudas
  4 orc priests
  3 hounds
  An iguana (D:7)
  A sleepcap (D:8)
  7 orc wizards
  Natasha (thrice) (D:4)
  A killer bee simulacrum (D:9)
  10 adders
  17 gnolls
  3 white imps
  An ufetubus (D:6)
  2 worms
  A dart slug (D:3)
  14 orcs
  5 ball pythons
  7 bats
  3 endoplasms
  A giant cockroach (D:4)
  9 hobgoblins
  4 jackals
  3 quokkas
  3 frilled lizards
  13 goblins
  32 kobolds
  4 rats
308 creatures vanquished.

Vanquished Creatures (collateral kills)
  A boulder beetle (Lair:2)
  Urug (Lair:2)
  Pikel (D:9)
  A cyclops (D:10)
  A wyvern (Lair:2)
  A human (D:8)
  4 yaks
  2 orc warriors
  A black bear (Lair:2)
  A wolf (Lair:3)
  3 bullfrogs
  A killer bee (D:9)
  2 howler monkeys (D:7)
  An orc wizard (D:8)
  An orc (D:8)
  5 kobolds (D:10)
  3 butterflies (Lair:1)
  11 foxfires
41 creatures vanquished.

Vanquished Creatures (others)
  1260 foxfires
1260 creatures vanquished.

Grand Total: 1609 creatures vanquished

Notes
Turn   | Place    | Note
-------+----------+-------------------------------------------
     0 | D:1      | tbsd the Djinni Fire Elementalist began the quest for the
                  | Orb.
     0 | D:1      | tbsd set off with the following spells memorised: Foxfire,
                  | Scorch, Volatile Blastmotes, Inner Flame, Flame Wave.
     0 | D:1      | Reached XP level 1. HP: 15/15 MP: 0/0
   163 | D:1      | Reached XP level 2. HP: 19/21 MP: 0/0
   423 | D:1      | Reached XP level 3. HP: 16/25 MP: 0/0
   423 | D:1      | Learned a level 1 spell: Kiss of Death
   928 | D:2      | Reached XP level 4. HP: 29/31 MP: 0/0
  2051 | D:3      | Found a faded altar of an unknown god.
  2092 | D:3      | Reached XP level 5. HP: 17/35 MP: 0/0
  2092 | D:3      | Learned a level 2 spell: Searing Ray
  3155 | D:4      | Noticed Natasha
  3163 | D:4      | Killed Natasha
  3209 | D:4      | Identified the ring "Iwot" {Ice Will- Str-5 Slay+5 Stlth+}
  3244 | D:4      | Noticed Natasha
  3252 | D:4      | Killed Natasha
  3253 | D:4      | Reached XP level 6. HP: 26/40 MP: 0/0
  3552 | D:4      | Noticed Natasha
  3555 | D:4      | Killed Natasha
  3556 | D:4      | Reached skill level 5 in Spellcasting
  3666 | D:5      | Entered Level 5 of the Dungeon
  3746 | D:5      | Reached skill level 1 in Fighting
  3849 | D:5      | Noticed a five-headed hydra
  3850 | D:5      | Found Usucrigo's Hydra Hut.
  3939 | D:5      | Reached skill level 2 in Fighting
  4008 | D:5      | Reached XP level 7. HP: 18/49 MP: 0/0
  4008 | D:5      | Learned a level 3 spell: Gell's Gravitas
  4009 | D:5      | Reached skill level 3 in Fighting
  4192 | D:5      | Noticed a water moccasin
  4205 | D:5      | Killed a water moccasin
  4206 | D:5      | Reached skill level 4 in Fighting
  4618 | D:5      | Reached skill level 5 in Fighting
  4743 | D:5      | Gained mutation: You are weak. (Str -2) [potion of
                  | mutation]
  4743 | D:5      | Gained mutation: You have a pair of small horns on your
                  | head. [potion of mutation]
  4743 | D:5      | Gained mutation: Your mind is acute. (Int +4, Str/Dex -1)
                  | [potion of mutation]
  4780 | D:6      | Found a staircase to the Ecumenical Temple.
  4788 | Temple   | Entered the Ecumenical Temple
  5241 | Temple   | Became a worshipper of Makhleb the Destroyer
  5372 | D:6      | Reached XP level 8. HP: 59/61 MP: 0/0
  5380 | D:6      | Reached skill level 6 in Fighting
  5438 | D:6      | Reached skill level 7 in Fighting
  5611 | D:6      | Found a hide-covered altar of Uskayaw.
  5621 | D:6      | Reached XP level 9. HP: 63/69 MP: 0/0
  5621 | D:6      | Learned a level 3 spell: Call Canine Familiar
  5790 | D:6      | Found Baujualikh's Jewellery Shoppe.
  5860 | D:6      | Found Cicoric's Assorted Antiques.
  5868 | D:6      | Bought a scroll labelled MUVVEQYNYL for 22 gold pieces
  5868 | D:6      | Bought a scroll labelled YRHUNI XIKLIYZE for 22 gold pieces
  5869 | D:6      | Bought a scroll of identify for 44 gold pieces
  5869 | D:6      | Bought a scroll of identify for 44 gold pieces
  5869 | D:6      | Bought a scroll of identify for 44 gold pieces
  5896 | D:6      | Reached skill level 5 in Dodging
  5972 | D:6      | Reached skill level 8 in Fighting
  6410 | D:6      | Found Plog's Lightly-Used Armoury.
  6424 | D:6      | Reached * piety under Makhleb
  6547 | D:6      | Identified the ring "Zixzurid" {Wiz Stlth+}
  6858 | D:6      | Found Awad's Weapon Boutique.
  6979 | D:6      | Found a snail-covered altar of Cheibriados.
  7200 | D:7      | Found a broken altar of Ashenzari.
  7231 | D:7      | Found a shadowy altar of Dithmenos.
  7237 | D:7      | Reached skill level 9 in Fighting
  7237 | D:7      | Reached XP level 10. HP: 60/78 MP: 0/0
  7770 | D:7      | Found Bog Moesch's Armour Boutique.
  7783 | D:7      | Reached skill level 10 in Fighting
  7967 | D:7      | Noticed Duvessa
  7967 | D:7      | Noticed Dowan
  7982 | D:7      | Killed Dowan
  7983 | D:7      | Killed Duvessa
  8460 | D:8      | Found Pisub's Antique Armour Boutique.
  8518 | D:8      | Noticed Maggie
  8527 | D:8      | Killed Maggie
  8527 | D:8      | Reached ** piety under Makhleb
  8677 | D:8      | Found Umiod's General Store.
  8706 | D:8      | Found a glowing silver altar of Zin.
  8772 | D:8      | Found an iron altar of Okawaru.
  8802 | D:8      | Found Buqojin's Book Emporium.
  8887 | D:8      | Found Coema's Book Shoppe.
  9551 | D:8      | Reached XP level 11. HP: 32/86 MP: 0/0
  9551 | D:8      | Learned a level 4 spell: Manifold Assault
  9909 | D:8      | Found Vierinku's Book Shoppe.
  9942 | D:8      | Found a hazy altar of Hepliaklqana.
 10245 | D:9      | Noticed Psyche
 10250 | D:9      | Killed Psyche
 10251 | D:9      | Reached skill level 11 in Fighting
 10346 | D:9      | Noticed a tengu warrior
 10462 | D:9      | Killed a tengu warrior
 11193 | D:9      | Found an opulent altar of Gozag.
 11289 | D:9      | Noticed Pikel
 11298 | D:9      | Killed Pikel
 11510 | D:9      | Reached *** piety under Makhleb
 12127 | D:10     | Entered Level 10 of the Dungeon
 12144 | D:10     | Identified the +7 mace "Spider's Demise" {elec, Str+2}
 12296 | D:10     | Noticed a cyclops
 12304 | D:10     | Killed a cyclops
 12379 | D:10     | Reached **** piety under Makhleb
 12504 | D:10     | Noticed Josephine
 12523 | D:10     | Killed Josephine
 12536 | D:10     | Reached skill level 5 in Armour
 12847 | D:10     | Found Ureoq's General Store.
 12859 | D:10     | Bought a scroll of immolation for 56 gold pieces
 12877 | D:10     | Found a staircase to the Lair.
 12993 | D:10     | Found an ornate altar of the Wu Jian Council.
 13126 | D:10     | Reached XP level 12. HP: 95/95 MP: 0/0
 13143 | Lair:1   | Entered Level 1 of the Lair of Beasts
 13203 | Lair:1   | Reached skill level 12 in Fighting
 14534 | Lair:2   | Found a hole to the Spider Nest.
 14535 | Lair:2   | Reached skill level 13 in Fighting
 14864 | Lair:2   | Noticed Urug
 14873 | Lair:2   | Killed Urug
 14874 | Lair:2   | Reached skill level 10 in Spellcasting
 15139 | Lair:2   | Noticed a boulder beetle
 15160 | Lair:2   | Killed a boulder beetle
 15161 | Lair:2   | Reached XP level 13. HP: 49/104 MP: 0/0
 15161 | Lair:2   | Learned a level 5 spell: Freezing Cloud
 15465 | Lair:2   | Reached ***** piety under Makhleb
 15466 | Lair:2   | Reached skill level 14 in Fighting
 15692 | Lair:2   | Noticed Fannar
 15708 | Lair:2   | Killed Fannar
 16541 | Lair:3   | Noticed Snorg
 16553 | Lair:3   | HP: 2/106 [Snorg (14)]
 16556 | Lair:3   | Mangled by Snorg

Illustrated notes

Levels and vault maps discovered:
D:1:      heliophobic_arrival_battle_scene, layout_basic, minmay_tetromino_i2
D:2:      layout_loops_cross, serial_co_window_serial, co_window_paths_b,
          co_window_corner_a, co_window_of_opportunity_a, co_window_corner_a,
          co_window_corner_a, co_window_cross_1, co_window_paths_c,
          co_window_broadway_c, co_window_2corner, co_window_of_opportunity_c,
          co_window_of_opportunity_b, co_window_paths_d, glass_columns_c,
          glass_columns_a
D:3:      layout_loops_ring, ebering_ecumenical_altar_rust
D:4:      minmay_spotlight, layout_basic, nicolae_vehumet_altar_sigil,
          uniq_natasha
D:5:      layout_loops_ring, doesnt_shop_hydraphobe
D:6:      layout_basic, mainiacjoe_overflow_alcove_4,
          nicolae_uskayaw_murder_on_the_dancefloor, temple_green, serial_shops,
          nicolae_shop_temple_entry_statues_fountains, shop,
          nicolae_shop_back_alley_shop, serial_bayou_pond_b, minivault_19,
          nrook_loot_triangle, st_stairs_12, minmay_shop_damaged,
          nrook_pool_corridor
D:7:      layout_gridville, mainiacjoe_overflow_catch_the_wave, serial_shops,
          nicolae_shop_tiny_statue_garden, uniq_duvessa
D:8:      layout_basic, kennysheep_mini_moat, worldfamousw_hep_ancestral_shrine,
          okawaru_humans, serial_shops, nicolae_shop_stone,
          nicolae_stop_n_shop_1, nicolae_shop_hallway_stairs,
          nicolae_shop_just_a_little_nook, shop, uniq_maggie
D:9:      minmay_chambers_of_sixes, layout_basic, mainiacjoe_overflow_alcove_1,
          minmay_increasing_density, uniq_psyche, uniq_pikel
D:10:     layout_rooms, mainiacjoe_overflow_cross_hatched, lair_entry_dummy,
          serial_shops, shop, serial_glass, glass_columns_a, glass_columns_a,
          uniq_josephine
Temple:   minmay_temple_forest_path
Lair:1:   layout_roguey, beast_lair_carwin_7, lemuel_fruit_tree,
          lemuel_fruit_fields, grunt_megastairs_4
Lair:2:   layout_cellular_growth, nicolae_spider_entry_tight_spaces,
          dreamdust_gnoll_shepherd, uniq_fannar, uniq_urug
Lair:3:   layout_gridlike, elwin_shoals_entry_rooms, nicolae_lair_lakeside_cave,
          uniq_snorg

Skill      XL: |  1  2  3  4  5  6  7  8  9 10 11 12 13 |
---------------+----------------------------------------+-----
Spellcasting   | 3 4 5 6 7 9 10 | 10.6
Fighting       | 2 5 7 9 10 11 13 14 | 14.9
Dodging        | 4 7 |  7.0
Armour         | 5 6 |  6.0
Stealth        | |  1.5

Action                     |  1- 3 |  4- 6 |  7- 9 | 10-12 | 13-15 || total
---------------------------+-------+-------+-------+-------+-------++-------
  Melee: Club              |    24 |     6 |       |       |       ||    30
         Unarmed           |     2 |       |       |       |       ||     2
         Whip              |       |    13 |    10 |       |       ||    23
         Morningstar       |       |       |     1 |       |       ||     1
         Staff             |       |       |       |     8 |       ||     8
         Headbutt          |       |       |       |     3 |       ||     3
   Cast: Foxfire           |    43 |   116 |   105 |   396 |    78 ||   738
         Volatile Blastmot |       |    11 |    19 |    57 |     2 ||    89
         Scorch            |       |     7 |     2 |    14 |     3 ||    26
         Inner Flame       |       |     6 |     3 |    17 |     3 ||    29
         Searing Ray       |       |     5 |     3 |    34 |     7 ||    49
         Flame Wave        |       |     2 |     1 |    11 |     1 ||    15
         Gell's Gravitas   |       |       |     4 |     4 |     1 ||     9
         Call Canine Famil |       |       |    15 |    49 |    15 ||    79
         Freezing Cloud    |       |       |       |       |     6 ||     6
    Use: Scroll            |       |     3 |     7 |     9 |     1 ||    20
         Potion            |       |     1 |     5 |     2 |     2 ||    10
   Stab: Sleeping          |       |     1 |       |       |       ||     1
 Armour: Robe              |     2 |     5 |     8 |     2 |       ||    17
         Leather armour    |       |       |     1 |     4 |       ||     5
         Steam dragon scal |       |       |       |     8 |       ||     8
         Acid dragon scale |       |       |       |    24 |     7 ||    31
  Dodge: Dodged            |    24 |    21 |    11 |    99 |    20 ||   175
